 Dungeon Sprint DCSS version 0.30-a0-728-gc68057be0a (webtiles) character file.

Game seed: 496912441767859858

17339 Oxelix the Executioner (level 12, -11/127 HPs)
             Began as a Minotaur Berserker on Jan 31, 2023.
             Was the Champion of Trog.
             Killed from afar by a tengu conjurer (27 damage)
             ... with a bolt of lightning
             ... in the Dungeon (Sprint IX: "|||||||||||||||||||||||||||||").
             The game lasted 00:08:32 (2261 turns).

Oxelix the Executioner (Minotaur Berserker)         Turns: 2261, Time: 00:08:33

Health: -11/127    AC: 30    Str: 28    XL:     12   Next: 18%
Magic:  3/3        EV: 13    Int:  4    God:    Trog [******]
Gold:   649        SH:  0    Dex: 11    Spells: 11/11 levels left

rFire   . . .      SeeInvis .    b - +8 executioner's axe (antimagic)
rCold   + . .      Faith    .    (shield currently unavailable)
rNeg    + + .      Spirit   .    z - +2 crystal plate armour
rPois   +          Reflect  .    (helmet restricted)
rElec   .          Harm     .    l - +0 cloak {rPois}
rCorr   .          Rampage  .    (no gloves)
Will    .....      NoTele   +    r - +0 pair of boots Stlth
                                 (no amulet)
HPRegen 0.41/turn                a - ring "Azuitenn" {rPois rC+ rN++ Str+2}
MPRegen 0.08/turn                o - +2 ring of evasion

@: on berserk cooldown, slowed, very slow
A: horns 2, retaliatory headbutt
a: Renounce Religion, Berserk, Trog's Hand, Brothers in Arms


You were in the Dungeon.
You worshipped Trog.
Trog was exalted by your worship.
You visited 1 branch You collected 1617 gold pieces.
You spent 968 gold pieces at shops.

Inventory:

Hand Weapons
 b - a +8 antimagic executioner's axe (weapon)
Missiles
 q - 4 throwing nets (quivered)
 t - 6 boomerangs
Armour
 l - a +0 cloak of poison resistance (worn)
 r - a +0 pair of boots (worn)
 u - a +0 plate armour of fire resistance
 y - the +0 pair of gloves "Noghoog" {*Slow rPois rF+ rN+}
   (You found it in the Dungeon)

   rF:        It protects you from fire.
   rPois:     It protects you from poison.
   rN:        It protects you from negative energy.
   *Slow:     It may slow you when you take damage.
 z - a +2 crystal plate armour (worn)
Jewellery
 a - the ring "Azuitenn" (left hand) {rPois rC+ rN++ Str+2}
   (You bought it in a shop in the Dungeon)

   [ring of poison resistance]

   Str:       It affects your strength (+2).
   rC:        It protects you from cold.
   rPois:     It protects you from poison.
   rN:        It greatly protects you from negative energy.
 n - a +2 ring of protection
 o - a +2 ring of evasion (right hand)
 v - a ring of see invisible
 w - a ring of fire
 x - a ring of protection from cold
Wands
 j - a wand of acid (18)
Scrolls
 h - 3 scrolls of blinking
 m - 2 scrolls of enchant armour
 p - 3 scrolls of fear
 s - a scroll of identify
 A - a scroll of fog
Potions
 c - 6 potions of curing
 d - 14 potions of heal wounds
 e - 2 potions of resistance
 f - 4 potions of magic
 g - 2 potions of berserk rage
 i - a potion of invisibility
 k - a potion of might


   Skills:
 + Level 18.0 Fighting
 * Level 22.8 Axes
 + Level 16.9 Armour
 + Level 15.6 Dodging


You had 11 spell levels left.
You didn't know any spells.
Your spell library was empty.

Dungeon Overview and Level Annotations

Branches:
Dungeon (1/1)

Altars:
Cheibriados
Dithmenos
Elyvilon
Fedhas
Gozag
Hepliaklqana
Kikubaaqudgha
Makhleb
Nemelex Xobeh
Okawaru
Qazlal
Ru
Sif Muna
Trog
Uskayaw
Vehumet
Wu Jian
Xom
Yredelemnul
Zin
The Shining One
Jiyva
Lugonu

Shops:
D =!!=


Innate Abilities, Weirdness & Mutations

You have a pair of horns on your head.
You reflexively headbutt those who attack you in melee.


Message History

The frost giant's magic leaks into the air.
The frost giant is heavily wounded.
You chop the frost giant into pieces!!!
You feel the power of Trog in you as your rage grows.
You kill the frost giant!
Trog accepts your kill.
Trog appreciates your killing of a magic user.
A tengu conjurer comes into view.
The red ugly thing tentacle-slaps you but does no damage.
You see here a +2 battleaxe of freezing.
You slice the red ugly thing!! You headbutt the red ugly thing!
The red ugly thing is heavily wounded.
The tengu conjurer casts a spell.
The tengu conjurer conjures a globe of magical energy!
The red ugly thing tentacle-slaps you but does no damage.
A battlesphere comes into view.
You open the red ugly thing like a pillowcase!!!
You kill the red ugly thing!
Trog accepts your kill.
Your Fighting skill increases to level 18!
A spark wasp comes into view.
The spark wasp buzzes angrily.
The human hits you but does no damage.
You slice the human!! Your headbutt misses the human.
The human is almost dead.
You slice the human like a ripe choko!!!
You kill the human!
Trog accepts your kill.
You see here a +2 battleaxe of freezing.
You feel a strong urge to attack something.
Items here: ( )) [ †.
You are no longer berserk.
You are exhausted.
You feel yourself slow down.
Items here: )) [ †.
There is an open door to the Dungeon, spattered with blood here.
You see here a vampire mosquito corpse.
The tengu conjurer casts a spell at you.
The bolt of lightning hits you!!
You die...

▓_▓.▓.▓.▓)▓.▓!▓
▓_▓.▓.▓.▓.▓.▓.▓
▓_▓.▓.▓.▓.▓.▓.▓
▓_▓.▓.▓.▓.▓.▓!▓
▓_▓.▓.▓.▓.▓.▓.▓
▓_▓.▓.▓.▓.▓.▓.▓
▓_▓.▓.▓.▓.▓.▓.▓
▓_▓.▓.▓.▓)▓.▓.▓
▓'▓.▓)▓.▓)▓.▓@▓
▓.▓.▓†▓.▓)▓.▓†▓
▓?▓.▓.▓.▓)▓.▓.▓
▓)▓.▓†▓.▓)▓.▓)▓
▓.▓.▓.▓.▓)▓.▓)▓
▓.▓.▓.▓.▓∩▓.▓)▓
▓[▓.▓.▓.▓.▓.▓.▓
▓.▓.▓.▓.▓∩▓.▓Q▓
▓.▓.▓.▓.▓)▓.▓y▓


You could see a tengu conjurer.

Vanquished Creatures
  A fire giant (D)
  A frost giant (D)
  Harold (D)
  3 hydras (D)
  A tengu warrior (D)
  4 orc high priests (D)
  A wizard (D)
  An orc knight (D)
  2 orc sorcerers (D)
  An ugly thing (D)
  A manticore (D)
  An elephant (D)
  A cyclops (D)
  A black mamba (D)
  Maurice (D)
  2 komodo dragons (D)
  3 cane toads (D)
  A rime drake (D)
  A meliai (D)
  3 polar bears (D)
  A blink frog (D)
  A shadow (D)
  2 slime creatures (D)
  A wyvern (D)
  2 yaks (D)
  A steam dragon (D)
  A vampire mosquito (D)
  A human (shapeshifter) (D)
  3 water moccasins (D)
  6 black bears (D)
  12 orc warriors (D)
  A boggart (D)
  2 wolves (D)
  2 centaurs (D)
  A kobold brigand (D)
  A howler monkey (D)
  3 orc priests (D)
  An iguana (D)
  5 orc wizards (D)
  An adder (D)
  13 orcs (D)
  An endoplasm (D)
  2 goblins (D)
  A quokka (D)
  A ball python (D)
  A ball python simulacrum (D)
  A rat (D)
99 creatures vanquished.

Notes
Turn   | Place    | Note
-------+----------+-------------------------------------------
     0 | D        | Oxelix the Minotaur Berserker began the quest for the Orb.
     0 | D        | Reached XP level 1. HP: 19/19 MP: 0/0
     7 | D        | Reached skill level 4 in Axes
    11 | D        | Reached ** piety under Trog
    21 | D        | Reached skill level 5 in Axes
    57 | D        | Noticed a black bear
    57 | D        | Noticed an iguana
    57 | D        | Noticed an orc wizard
    63 | D        | Killed a black bear
    64 | D        | Reached skill level 9 in Axes
    64 | D        | Reached XP level 2. HP: 30/34 MP: 1/1
    64 | D        | Reached XP level 3. HP: 34/39 MP: 2/2
    64 | D        | Reached XP level 4. HP: 41/47 MP: 3/3
    65 | D        | Reached *** piety under Trog
    68 | D        | Reached XP level 5. HP: 47/53 MP: 4/4
    71 | D        | Reached **** piety under Trog
   115 | D        | Found a snail-covered altar of Cheibriados.
   115 | D        | Found a shadowy altar of Dithmenos.
   115 | D        | Found a white marble altar of Elyvilon.
   115 | D        | Found a blossoming altar of Fedhas.
   115 | D        | Found an opulent altar of Gozag.
   116 | D        | Found a hazy altar of Hepliaklqana.
   117 | D        | Found a viscous altar of Jiyva.
   118 | D        | Found an ancient bone altar of Kikubaaqudgha.
   119 | D        | Found a corrupted altar of Lugonu.
   120 | D        | Found a burning altar of Makhleb.
   121 | D        | Found a sparkling altar of Nemelex Xobeh.
   122 | D        | Found an iron altar of Okawaru.
   123 | D        | Found a stormy altar of Qazlal.
   124 | D        | Found a sacrificial altar of Ru.
   125 | D        | Found a shimmering blue altar of Sif Muna.
   126 | D        | Found a bloodstained altar of Trog.
   127 | D        | Found a hide-covered altar of Uskayaw.
   128 | D        | Found a radiant altar of Vehumet.
   129 | D        | Found an ornate altar of the Wu Jian Council.
   130 | D        | Found a shimmering altar of Xom.
   131 | D        | Found a basalt altar of Yredelemnul.
   132 | D        | Found a glowing silver altar of Zin.
   133 | D        | Found a glowing golden altar of the Shining One.
   196 | D        | Noticed a steam dragon
   196 | D        | Noticed a centaur
   196 | D        | Noticed an orc warrior
   196 | D        | Noticed a shadow
   196 | D        | Noticed a centaur
   200 | D        | Killed a steam dragon
   201 | D        | Reached skill level 10 in Axes
   201 | D        | Reached skill level 5 in Dodging
   201 | D        | Reached XP level 6. HP: 39/63 MP: 5/5
   203 | D        | Killed an orc warrior
   204 | D        | Reached skill level 10 in Fighting
   204 | D        | Reached skill level 11 in Axes
   206 | D        | Killed a shadow
   206 | D        | Reached ***** piety under Trog
   207 | D        | Reached XP level 7. HP: 42/73 MP: 6/6
   210 | D        | Received a gift from Trog
   214 | D        | Reached skill level 12 in Axes
   365 | D        | Noticed a slime creature
   365 | D        | Noticed a meliai
   365 | D        | Noticed a komodo dragon
   365 | D        | Noticed a manticore
   365 | D        | Noticed a slime creature
   368 | D        | Killed a slime creature
   370 | D        | Killed a meliai
   371 | D        | Reached skill level 13 in Axes
   371 | D        | Reached XP level 8. HP: 83/83 MP: 2/7
   373 | D        | Killed a komodo dragon
   374 | D        | Reached skill level 10 in Armour
   378 | D        | Killed a manticore
   379 | D        | Reached skill level 14 in Axes
   382 | D        | Killed a slime creature
   383 | D        | Reached skill level 10 in Dodging
   383 | D        | Received a gift from Trog
   792 | D        | Noticed a cane toad
   792 | D        | Noticed a cane toad
   792 | D        | Noticed a rime drake
   795 | D        | Reached XP level 9. HP: 80/92 MP: 2/8
   796 | D        | Killed a cane toad
   797 | D        | Reached skill level 15 in Axes
   798 | D        | Noticed a cane toad
   806 | D        | Killed a cane toad
   807 | D        | Reached skill level 16 in Axes
   810 | D        | Killed a rime drake
   815 | D        | Killed a cane toad
   933 | D        | Noticed a five-headed hydra
   933 | D        | Noticed a komodo dragon
   933 | D        | Noticed a black mamba
   933 | D        | Noticed an elephant
   941 | D        | Killed an 11-headed hydra
   942 | D        | Reached skill level 17 in Axes
   942 | D        | Reached XP level 10. HP: 62/103 MP: 3/9
   947 | D        | Reached ****** piety under Trog
   947 | D        | Noticed a five-headed hydra
   951 | D        | Killed a black mamba
   951 | D        | Received a gift from Trog
   956 | D        | Killed an elephant
   957 | D        | Reached skill level 18 in Axes
   960 | D        | HP: 5/104 [five-headed hydra (9)]
  1294 | D        | Killed a nine-headed hydra
  1295 | D        | Reached skill level 15 in Fighting
  1314 | D        | Received a gift from Trog
  1318 | D        | Reached skill level 19 in Axes
  1423 | D        | Noticed Maurice
  1437 | D        | Killed Maurice
  1452 | D        | Noticed Harold
  1457 | D        | Killed Harold
  1457 | D        | Received a gift from Trog
  1458 | D        | Reached XP level 11. HP: 109/114 MP: 3/10
  1509 | D        | Received a gift from Trog
  1523 | D        | Received a gift from Trog
  1560 | D        | Noticed an orc knight
  1570 | D        | Reached skill level 20 in Axes
  1576 | D        | Killed an orc knight
  1587 | D        | Reached skill level 15 in Armour
  1587 | D        | Received a gift from Trog
  1807 | D        | Found Omniv's Jewellery Emporium.
  1807 | D        | Noticed an orc sorcerer
  1807 | D        | Noticed an orc sorcerer
  1810 | D        | Killed an orc sorcerer
  1810 | D        | Received a gift from Trog
  1811 | D        | Found Vaeton's Distillery.
  1813 | D        | Noticed an orc high priest
  1814 | D        | Noticed a sixfirhy
  1818 | D        | Killed an orc sorcerer
  1819 | D        | Found Wicw's Distillery.
  1824 | D        | Noticed a sixfirhy
  1827 | D        | Found Koceod's Jewellery Shoppe.
  1828 | D        | Received a gift from Trog
  1830 | D        | Killed an orc high priest
  1834 | D        | Noticed an orc high priest
  1835 | D        | Noticed an orc high priest
  1838 | D        | Noticed an orc high priest
  1839 | D        | Killed an orc high priest
  1840 | D        | Reached skill level 21 in Axes
  1843 | D        | Killed an orc high priest
  1850 | D        | Killed an orc high priest
  2017 | D        | Bought the ring "Azuitenn" {rPois rC+ rN++ Str+2} for 633
                  | gold pieces
  2027 | D        | Bought a potion of heal wounds for 50 gold pieces
  2027 | D        | Bought a potion of heal wounds for 50 gold pieces
  2027 | D        | Bought a potion of might for 40 gold pieces
  2029 | D        | Bought a potion of resistance for 130 gold pieces
  2029 | D        | Bought a potion of heal wounds for 65 gold pieces
  2149 | D        | Got the +0 pair of gloves "Noghoog" {*Slow rPois rF+ rN+}
  2151 | D        | Got the +1 plate armour of Hepliaklqana's Esteem {Fly Str+4
                  | Slay-4 SInv}
  2217 | D        | Noticed a wizard
  2217 | D        | Noticed a tengu warrior
  2218 | D        | Received a gift from Trog
  2220 | D        | Noticed a seven-headed hydra
  2221 | D        | Noticed a fire giant
  2226 | D        | Killed a wizard
  2227 | D        | Noticed a frost giant
  2234 | D        | Killed a tengu warrior
  2235 | D        | Reached skill level 22 in Axes
  2235 | D        | Reached skill level 15 in Dodging
  2235 | D        | Noticed a red ugly thing
  2238 | D        | Killed an 11-headed hydra
  2244 | D        | Killed a fire giant
  2244 | D        | Received a gift from Trog
  2245 | D        | Reached XP level 12. HP: 59/127 MP: 3/11
  2249 | D        | Killed a frost giant
  2253 | D        | Noticed a spark wasp
  2261 | D        | Killed from afar by a tengu conjurer

Illustrated notes

Levels and vault maps discovered:
D:        linesprint [early_d, line_temple, items_1, d_10, items_2, lair_1,
          lair_end, items_3, orc_1, orc_end, items_4, d_15, swamp_1, shoals_1,
          snake_1, spider_1, d_20, vaults_1, items_5, swamp_end, shoals_end,
          snake_end, spider_end, vaults_end, d_27, items_6, zot_1, zot_end,
          crypt_end, forest_end, elf_end, slime_end, tomb_end, abyss_end,
          pan_hell_end]

Skill      XL: |  1  2  3  4  5  6  7  8  9 10 11 12 |
---------------+-------------------------------------+-----
Axes           | 9 10 11 13 14 17 19 22 | 22.8
Fighting       | 7 8 9 10 11 12 14 15 17 18 | 18.0
Armour         | 4 6 8 9 11 12 14 16 | 16.9
Dodging        | 3 5 7 8 10 11 13 15 | 15.6

Action                     |  1- 3 |  4- 6 |  7- 9 | 10-12 || total
---------------------------+-------+-------+-------+-------++-------
  Melee: Hand axe          |    20 |     8 |       |       ||    28
         Headbutt          |     4 |     3 |     5 |    31 ||    43
         War axe           |       |     7 |     5 |       ||    12
         Executioner's axe |       |       |    45 |   172 ||   217
 Invoke: Berserk           |     1 |     1 |     3 |     2 ||     7
    Use: Scroll            |       |       |     4 |       ||     4
         Potion            |       |       |       |     3 ||     3
 Armour: Animal skin       |     5 |       |       |       ||     5
         Plate armour      |       |     3 |    51 |    82 ||   136
         Crystal plate arm |       |       |       |    16 ||    16
  Dodge: Dodged            |    15 |     2 |    24 |    92 ||   133

Table legend: (Time is in decaauts)
 A = Elapsed time spent in this place.
 B = Non-inter-level travel time spent in this place.
 C = Inter-level travel time spent in this place.
 D = Time resting spent in this place.
 E = Time spent auto-exploring this place.
 F = Levels seen in this place.
 G = Mean time per level.
                   A        B        C        D        E       F      G
               +--------+--------+--------+--------+--------+-----+--------+
         Total |   2272 |   2272 |      0 |   1075 |      0 |   1 | 2272.0 |
       Dungeon |   2272 |   2272 |      0 |   1075 |      0 |   1 | 2272.0 |
               +--------+--------+--------+--------+--------+-----+--------+

Top non-repeatable levels by time:
       D: 2272 daAuts
